 Dungeon Crawl Stone Soup version 0.29-a0-367-gc2b5878c41 (webtiles) character file.

Game seed: 12410034183986783414

924 Lekart the Ducker (level 7, -4/67 HPs)
             Began as a Red Draconian Chaos Knight on May 1, 2022.
             Was a Plaything of Xom.
             Slain by a wyvern (9 damage)
             ... on level 5 of the Dungeon.
             The game lasted 00:06:35 (4615 turns).

Lekart the Ducker (Red Draconian Chaos Knight)      Turns: 4615, Time: 00:06:35

Health: -4/67      AC: 15    Str: 14      XL:     7   Next: 84%
Magic:  7/7        EV: 14    Int: 14 (15) God:    Xom [*.....]
Gold:   289        SH:  0    Dex: 14      Spells: 6/6 levels left

rFire   + . .      SeeInvis .   a - +0 falchion (chaos)
rCold   . . .      Faith    .   (no shield)
rNeg    . . .      Spirit   .   (body armour unavailable)
rPois   .          Reflect  .   c - +1 hat
rElec   .          Harm     .   i - +0 cloak
rCorr   .          Rampage  .   (no gloves)
Will    .....                   o - +2 pair of boots
Stlth   +.........              (no amulet)
HPRegen 0.21/turn               e - +4 ring of protection
MPRegen 0.10/turn               (no ring)

@: confused
A: breathe fire, AC +6, unfitting armour, fire resistance 1, cold-blooded,
stinger 2, talons 1, agile 1, clever 1, robust 1, wild magic 1, MP-powered wands
a: Breathe Fire, Renounce Religion


You were on level 5 of the Dungeon.
You worshipped Xom.
You were a special plaything of Xom.
You visited 1 branch of the dungeon, and saw 5 of its levels.

You collected 289 gold pieces.

Inventory:

Hand Weapons
 a - a +0 falchion of chaos (weapon)
Missiles
 l - a throwing net
Armour
 c - a +1 hat (worn)
 i - a +0 cloak (worn)
 o - a +2 pair of boots (worn)
Jewellery
 e - a +4 ring of protection (left hand)
 q - a +6 ring of strength
Scrolls
 g - 2 scrolls of fog
 j - 3 scrolls of teleportation
 k - a scroll of vulnerability
 m - a scroll of identify
 n - 2 scrolls of amnesia
Potions
 d - a potion of cancellation
 f - a potion of magic
 h - a potion of heal wounds
 p - a potion of brilliance
Miscellaneous
 b - a piece from Xom's chessboard (13/15) (quivered)


   Skills:
 + Level 5.1 Fighting
 + Level 6.0 Long Blades
 * Level 6.1 Dodging


You had 6 spell levels left.
You didn't know any spells.
Your spell library contained the following spells:

 Spells                   Type           Power      Damage    Failure   Level
 Animate Skeleton         Necr           0%         N/A       36%         1
 Apportation              Tloc           0%         N/A       36%         1
 Beastly Appendage        Tmut           0%         N/A       36%         1
 Freeze                   Ice            0%         1d3       36%         1
 Shock                    Conj/Air       0%         1d3       36%         1
 Summon Small Mammal      Summ           0%         N/A       36%         1
 Wereblood                Tmut           0%         N/A       50%         2
 Frozen Ramparts          Ice            0%         1d2       73%         3
 Spider Form              Tmut/Pois      0%         N/A       73%         3
 Swiftness                Air            0%         N/A       73%         3
 Airstrike                Air            0%         N/A       98%         4
 Hailstorm                Conj/Ice       0%         3d3       98%         4


Dungeon Overview and Level Annotations

Branches:
Dungeon (5/15)
 Temple: D:4-7

Altars:

Annotations:
D:3 3 runed translucent doors, Ge0ff's ghost, amateur DjMo; Longtemps's ghost, amateur OpEE; Turbonekonecno's ghost, amateur SpEn; bgiannan's ghost, amateur HOFi


Innate Abilities, Weirdness & Mutations

You can breathe blasts of fire.
Your fiery red scales are hard. (AC +6)
You cannot fit into any form of body armour.
Your flesh is heat resistant. (rF+)
You are cold-blooded and may be slowed by cold attacks.
Your tail ends in a sharp venomous barb.
You have sharp toenails.
You are agile. (Dex +2)
Your mind is acute. (Int +2)
You are robust. (+10% HP)
Your spells are a little harder to cast, but a little more powerful.
You expend magic power (3 MP) to strengthen your wands.


Message History

The wyvern bites you.
The orc wizard gestures wildly while chanting.
The orc wizard flickers and vanishes!
The orc priest attacks as you move away!
The orc priest hits you with a +0 club. The gnoll attacks as you move away!
The gnoll hits you but does no damage.
The wyvern rages.
The wyvern misses you. The wyvern closely misses you.
There is an open door here.
The wyvern attacks as you move away! The wyvern barely misses you.
A hound comes into view.
The wyvern bites you! The wyvern attacks as you move away!
The wyvern barely misses you.
The wyvern closely misses you. "Heh heh heh..."
You are confused.
The wyvern misses you.
You hear a bark!
The wyvern bites you!
The orc priest calls down the wrath of Beogh upon you.
Beogh smites you!
* * * LOW HITPOINT WARNING * * *
You see here 26 stones.
You bump into the rock wall. "This is how I like it!"
You swap places with the orc.
A jelly comes into view.
Some monsters swap places.
The wyvern closely misses you. The hound bites you but does no damage.
The wyvern bites you!
* * * LOW HITPOINT WARNING * * *
The hound barely misses you. Something hits you but does no damage.
Something hits you.
* * * LOW HITPOINT WARNING * * *
The orc closely misses you. The wyvern misses you.
You miss something.
The jelly quivers.
The wyvern bites you but does no damage.
The hound misses you. The wyvern bites you!
You die...
Xom chuckles heartily!

########## #........#
#.######.# #.#
#.#################
####.######.#................
............................
####.######.#.##gh....J.######
#....######.#.##@{...(..#.....
...........(.s.{olo.......#
.........##...##g.........#
.<.......##...#########[..#
.###.....'..#.# #..[#
.........#.##.# #..[.#
.##......#....# #.....#
.##[[....###### #....g..
.##............ #.....###


You could see a wyvern (berserk), a gnoll shaman, a scorpion, a hound, a jelly,
a gnoll and 2 orcs.

Vanquished Creatures
  Prince Ribbit (D:5)
  A water moccasin (D:4)
  An ogre (D:5)
  A bullfrog (D:5)
  A howler monkey (D:5)
  A jelly (D:5)
  2 orc priests
  Crazy Yiuf (D:4)
  5 orc wizards
  5 gnolls
  6 adders
  3 ufetubi (D:4)
  A worm (D:3)
  A dart slug (D:1)
  14 orcs
  3 endoplasms
  5 giant cockroaches
  5 hobgoblins
  6 kobolds
  10 ball pythons
  2 bats
  6 goblins
  5 rats
86 creatures vanquished.

Vanquished Creatures (others)
  A fungus (D:4)
1 creature vanquished.

Grand Total: 87 creatures vanquished

Notes
Turn   | Place    | Note
-------+----------+-------------------------------------------
     0 | D:1      | Lekart the Draconian Chaos Knight began the quest for the
                  | Orb.
     0 | D:1      | Reached XP level 1. HP: 19/19 MP: 1/1
    15 | D:1      | XOM: divination: detect items
   140 | D:1      | XOM: cloud trail
   362 | D:1      | Reached XP level 2. HP: 24/26 MP: 2/2
   668 | D:1      | Found a faded altar of an unknown god.
   873 | D:2      | Reached XP level 3. HP: 29/33 MP: 3/3
   962 | D:2      | XOM: 4-stop teleportation journey
   974 | D:2      | XOM: god gift: scroll labelled CEFIKO MEAWKIED {god gift}
  1046 | D:2      | XOM: god gift: 37 gold pieces
  1163 | D:2      | XOM: divination: detect creatures
  1549 | D:3      | Reached XP level 4. HP: 24/40 MP: 4/4
  1931 | D:3      | XOM: divination: detect creatures
  2007 | D:3      | Found a runed translucent gate.
  2008 | D:3      | Found a runed translucent gate.
  2009 | D:3      | Found a runed translucent gate.
  2010 | D:3      | Noticed Ge0ff's ghost (amateur DjMo)
  2010 | D:3      | Noticed Turbonekonecno's ghost (amateur SpEn)
  2010 | D:3      | Noticed bgiannan's ghost (amateur HOFi)
  2011 | D:3      | Noticed Longtemps's ghost (amateur OpEE)
  2192 | D:4      | XOM: noise
  2199 | D:4      | Reached XP level 5. HP: 43/46 MP: 5/5
  2220 | D:4      | Gained mutation: You expend magic power (3 MP) to
                  | strengthen your wands. [potion of mutation]
  2220 | D:4      | Gained mutation: You are robust. (+10% HP) [potion of
                  | mutation]
  2247 | D:4      | XOM: cast spell 'Alistair's Intoxication'
  2322 | D:4      | Noticed a water moccasin
  2348 | D:4      | Killed a water moccasin
  2349 | D:4      | Reached skill level 5 in Long Blades
  2349 | D:4      | Reached XP level 6. HP: 12/58 MP: 6/6
  2551 | D:4      | XOM: 1-stop teleportation journey
  2621 | D:4      | XOM: give mutations
  2621 | D:4      | Gained mutation: You are agile. (Dex +2) [Xom's grace]
  2621 | D:4      | Gained mutation: Your mind is acute. (Int +2) [Xom's grace]
  2621 | D:4      | Gained mutation: Your spells are a little harder to cast,
                  | but a little more powerful. [Xom's grace]
  2642 | D:4      | XOM: scenery: summon butterflies
  2956 | D:4      | XOM: scenery: summon butterflies
  3004 | D:4      | XOM: smoke on damage
  3006 | D:4      | XOM: enchant monster (good)
  3010 | D:4      | XOM: god gift: gold dragon scales {god gift}
  3014 | D:4      | XOM: enchant monster (bad)
  3169 | D:4      | XOM: give mutations
  3169 | D:4      | Gained mutation: You have sharp toenails. [Xom's grace]
  3169 | D:4      | Gained mutation: Your tail ends in a venomous barb. [Xom's
                  | grace]
  3169 | D:4      | Gained mutation: Your tail ends in a sharp venomous barb.
                  | [Xom's grace]
  3313 | D:4      | Found a runed translucent door.
  3314 | D:4      | Noticed Crazy Yiuf
  3607 | D:4      | Killed Crazy Yiuf
  3670 | D:5      | Entered Level 5 of the Dungeon
  3739 | D:5      | XOM: scenery: 1 doors open
  3744 | D:5      | Reached skill level 5 in Dodging
  3744 | D:5      | Your scales start taking on a fiery red colour.
  3744 | D:5      | Reached XP level 7. HP: 19/66 MP: 7/7
  3744 | D:5      | Gained mutation: Your flesh is heat resistant. (rF+) [Red
                  | Draconian growth]
  3871 | D:5      | XOM: noise
  4006 | D:5      | XOM: scenery: 1 doors close
  4088 | D:5      | Noticed Prince Ribbit
  4092 | D:5      | XOM: cast spell 'Metabolic Englaciation'
  4094 | D:5      | Killed Prince Ribbit
  4257 | D:5      | Reached skill level 5 in Fighting
  4258 | D:5      | XOM: potion effect (curing)
  4272 | D:5      | Noticed a wyvern
  4282 | D:5      | HP: 3/67 [wyvern (11)]
  4479 | D:4      | XOM: noise
  4599 | D:5      | XOM: stat loss: -1 Int (14/15)
  4612 | D:5      | XOM: confusion
  4614 | D:5      | XOM: swap monsters
  4615 | D:5      | Slain by a wyvern

Illustrated notes

Levels and vault maps discovered:
D:1:      onia_arrival_handbag, layout_loops_ring,
          ebering_ecumenical_altar_rust, grunt_decor_resistance, minmay_domino_2
D:2:      layout_loops_ring
D:3:      layout_rooms, gammafunk_ghost_cemetery
D:4:      layout_loops_ring, grunt_ministairs_1, uniq_crazy_yiuf_cottage
D:5:      cheibrodos_barr_body, layout_basic, hangedman_decor_clover_reticule,
          uniq_prince_ribbit1

Skill      XL: |  1  2  3  4  5  6  7 |
---------------+----------------------+-----
Fighting       | 4 5 |  5.1
Long Blades    | 4 5 6 |  6.0
Dodging        | 3 4 5 6 |  6.1

Action                   |  1- 3 |  4- 6 |  7- 9 || total
-------------------------+-------+-------+-------++-------
Melee: Falchion          |    60 |   201 |    37 ||   298
       Tailslap          |     6 |    18 |     4 ||    28
       Punch             |       |     3 |       ||     3
 Abil: Breathe Fire      |       |       |     1 ||     1
Evoke: Piece from Xom's  |       |       |     2 ||     2
  Use: Scroll            |     8 |     4 |     1 ||    13
       Potion            |     2 |     3 |     1 ||     6
 Stab: Sleeping          |     2 |     1 |       ||     3
       Confused          |     1 |       |       ||     1
       Petrifying        |       |     1 |       ||     1
Armor: Skin              |    16 |   131 |    18 ||   165
Dodge: Dodged            |    39 |   169 |    47 ||   255

Table legend: (Time is in decaauts)
 A = Elapsed time spent in this place.
 B = Non-inter-level travel time spent in this place.
 C = Inter-level travel time spent in this place.
 D = Time resting spent in this place.
 E = Time spent auto-exploring this place.
 F = Levels seen in this place.
 G = Mean time per level.
                   A        B        C        D        E       F      G
               +--------+--------+--------+--------+--------+-----+--------+
         Total |   4641 |   4565 |     76 |   1023 |   2740 |   5 |  928.2 |
       Dungeon |   4641 |   4565 |     76 |   1023 |   2740 |   5 |  928.2 |
               +--------+--------+--------+--------+--------+-----+--------+

Top non-repeatable levels by time:
     D:4: 1769 daAuts
     D:1: 869 daAuts
     D:3: 685 daAuts
     D:5: 670 daAuts
     D:2: 646 daAuts
